Cogmind - Beta 14 @@@ ROGUE MODE // 2024.09.06 @ 21:10:54 Player: JohnnyDongs Result: Destroyed by MP-YR2(R) with Subdweller Shrapnel Launcher Performance ------------- Evolutions (0) 0 Regions Visited (2) 400 Robots Destroyed (19) 95 Value Destroyed (470) 470 Prototype IDs (0) 0 Alien Tech Used (0) 0 Bonus (0) 0 TOTAL SCORE: 965 Bonus ------- None Cogmind --------- Core Integrity 0/250 Matter 237/300 Energy 210/250 System Corruption 0% Temperature Cool (0) Movement Rolling (129) Ox2 Location -10/Subcaves Parts ------- > --- POWER (1) -------- Ion Engine > --- PROPULSION (2) --- Compact Wheel Subdweller Monowheel > --- UTILITY (2) ------ Huge Storage Unit Light Armor Plating > --- WEAPON (2) ------- Medium Laser Medium Laser > --- INVENTORY (25) --- Aluminum Leg Aluminum Leg Improved Heat Sink Improved Heat Sink High-capacity Storage Unit Large Matter Pod (150) Signal Interpreter Signal Interpreter Improved Terrain Scanner Beam Cannon Beam Cannon Beam Cannon Beam Cannon Rocket Launcher Datajack Mining Laser Peak State ------------ > --- POWER ------------ Light Nuclear Core > --- PROPULSION ------- Light Treads Light Treads > --- UTILITY ---------- Huge Storage Unit Seismic Detector > --- WEAPON ----------- Shotgun Shotgun > --- INVENTORY -------- Ion Engine Aluminum Leg Aluminum Leg Compact Wheel Improved Heat Sink Improved Heat Sink High-capacity Storage Unit Large Matter Pod Signal Interpreter Signal Interpreter Improved Terrain Scanner Light Armor Plating Heavy EM Pulse Gun Heavy EM Pulse Gun Heavy EM Pulse Gun Heavy EM Pulse Gun Medium Laser Small Laser Light EM Pulse Cannon Light EM Pulse Cannon Light EM Pulse Cannon Light EM Pulse Cannon Rocket Launcher Datajack Mining Laser [Rating: 15] Favorites ----------- Power Ion Engine Engine Ion Engine Power Core Light Nuclear Core Propulsion Light Treads Treads Light Treads Wheel Subdweller Monowheel Utility Seismic Detector Device Seismic Detector Storage Huge Storage Unit Protection Light Armor Plating Weapon Shotgun Energy Gun Heavy EM Pulse Gun Ballistic Gun Shotgun Launcher Rocket Launcher Build | -11 -10 -10 ------- Run | Yrd Mat Sub Slots Evolved . | . . . Power . | . . . Propulsion . | . . . Utility . | . . . Weapon . | . . . Parts Attached 25 | 7 7 11 Power 3 | 1 1 1 Engine 2 | 1 . 1 Core 1 | . 1 . Reactor . | . . . Propulsion 5 | 2 . 3 Treads 2 | 2 . . Leg . | . . . Wheel 3 | . . 3 Hover . | . . . Flight . | . . . Utility 5 | 2 2 1 Device 1 | 1 . . Storage 3 | 1 2 . Processor . | . . . Hackware . | . . . Protection 1 | . . 1 Artifact . | . . . Weapon 12 | 2 4 6 Energy Gun 9 | 2 2 5 Energy Cannon . | . . . Ballistic Gun 2 | . 2 . Ballistic Cannon . | . . . Launcher 1 | . . 1 Special Weapon . | . . . Impact Weapon . | . . . Slashing Weapon . | . . . Piercing Weapon . | . . . Special Melee Weapon . | . . . Unidentified Prototypes . | . . . Parts Lost 9 | . 1 8 Power 2 | . 1 1 Propulsion 2 | . . 2 Utility 1 | . . 1 Weapon 4 | . . 4 Highest Loss Streak 8 | . 1 8 To Critical Strikes . | . . . Average Slot Usage (%) 98 | . 99 94 Engine 7 | . 6 10 Core 6 | . 7 3 Treads 23 | . 28 5 Wheel 3 | . . 18 Device 11 | . 14 3 Storage 14 | . 14 14 Protection 2 | . . 10 Energy Gun 16 | . 14 23 Ballistic Gun 10 | . 13 . Peak Build Rating 15 | 7 15 14 Average Rating 11 | 5 12 11 On Entrance 7 | . 7 14 Naked Turns . | . . . Heaviest Build 94 | 14 92 94 Greatest Support 40 | 40 40 40 Greatest Overweight (x) 30 | 2 2 30 Average Overweight (x) 1 | . 1 2 Largest Inventory Capacity 25 | 8 25 25 Average Capacity 23 | 7 23 25 Most Carried 25 | 5 25 23 Average Carried 18 | 2 19 18 Final Capacity 25 | 8 25 25 Final Carried 23 | 5 23 16 Class Distribution -------------------- 100% | Mutant Dominant Class ---------------- Mutant | -10/Materials Mutant | -10/Subcaves Resources | -11 -10 -10 ----------- Run | Yrd Mat Sub Matter Collected 573 | 176 290 107 Remotely . | . . . Salvage Created 604 | 59 371 174 Parts 38 | 8 19 11 Haulers Intercepted 1 | . 1 . Recyclers Shooed . | . . . Parts Field Recycled . | . . . Retrieved Matter . | . . . Parts Self-Destructed . | . . . Prevented . | . . . Kills | -11 -10 -10 ------- Run | Yrd Mat Sub Combat Hostiles Destroyed 12 | . 8 4 Guns 12 | . 8 4 Classes Destroyed 6 | 1 4 1 Tunneler 3 | 3 . . Hauler 1 | . 1 . Watcher 3 | . 3 . Swarmer 3 | . 3 . Grunt 5 | . 5 . Subdweller 4 | . . 4 Best Kill Streak 3 | 3 3 3 Combat Bots Only 3 | . 3 3 Max Kills in Single Turn 1 | 1 1 1 Gunslinging . | . . . Exploded . | . . . Melee . | . . . Uniques/NPCs Destroyed . | . . . Combat | -11 -10 -10 -------- Run | Yrd Mat Sub Hostile Shots Fired 80 | . 47 33 Missed 26 | . 16 10 Damage Taken 1094 | . 475 619 Core 280 | . 47 233 Absorbed by Shields . | . . . Core Remaining (%) 100 | 100 . . Volleys Fired 62 | 6 36 20 Largest 2 | 2 2 2 Hottest 100 | 90 90 100 Shots Fired 104 | 12 65 27 Gun 100 | 12 65 23 Cannon . | . . . Launcher 4 | . . 4 Special . | . . . Kinetic 14 | . 14 . Thermal 64 | 12 35 17 Explosive 4 | . . 4 Electromagnetic 22 | . 16 6 Robot Hit Streak 17 | 5 8 17 Robot Miss Streak 3 | 2 3 1 Penetration Max . | . . . Secondary Targets 3 | . 2 1 Max Gunslinging Chain 1 | . 1 1 Shots Hit Robots 77 | 8 44 25 Core Hits 40 | 4 23 13 Critical Kills . | . . . Critical Parts Destroyed . | . . . Critical Strikes 1 | . 1 . Burn 1 | . 1 . Melee Attacks . | . . . Impact . | . . . Slashing . | . . . Piercing . | . . . Sneak Attacks . | . . . Combat Hostiles . | . . . Follow-up Attacks . | . . . Damage Inflicted 1626 | 98 747 781 Guns 1050 | 97 671 282 Cannons . | . . . Explosions 523 | . 24 499 Melee . | . . . Ramming 53 | 1 52 . Kinetic 181 | . 181 . Thermal 621 | 97 323 201 Explosive 499 | . . 499 Electromagnetic 272 | . 191 81 Impact . | . . . Slashing . | . . . Piercing . | . . . Highest Corruption . | . . . Average Corruption . | . . . Corruption Purged . | . . . Corruption Blocked . | . . . Overload Shots . | . . . Overflow Damage . | . . . Projectiles . | . . . Explosions . | . . . Melee . | . . . Knockbacks . | . . . Impact . | . . . Kinetic . | . . . Secondary . | . . . Self-Inflicted Damage . | . . . Shots . | . . . Rammed 8 | 1 7 . Targets Rammed 8 | 1 7 . Kicked . | . . . Crushed . | . . . Highest Temperature 246 | 120 246 . Average Temperature 69 | 51 73 . Received Heat Transfer 339 | . 225 114 Effects 3 | . 3 . Interference 3 | . 3 . Siege Activations . | . . . Robots Corrupted . | . . . Combat Hostiles . | . . . Parts Fried 1 | . 1 . Impact Corruptions . | . . . Robots Melted . | . . . Combat Hostiles . | . . . Parts Melted 3 | . 2 1 Heat Transferred 1720 | 248 880 592 Parts Sabotaged . | . . . Parts Stolen . | . . . Parts Stripped . | . . . Power Chain Reactions 1 | . 1 . Alert | -11 -10 -10 ------- Run | Yrd Mat Sub Peak Influence 126 | 15 126 . Initial 9 | . 9 . Average 21 | 4 22 . Maximum Alert Level . | . . . Low Security (%) 100 | 100 100 . Level 1 . | . . . Level 2 . | . . . Level 3 . | . . . Level 4 . | . . . Level 5 . | . . . High Security . | . . . Max Security . | . . . Squads Dispatched 1 | . 1 . Investigation . | . . . Extermination . | . . . Reinforcement 1 | . 1 . Assault . | . . . Garrison . | . . . Intercept . | . . . Searches Triggered . | . . . Construction Impeded . | . . . Haulers Reinforced . | . . . Active Scanning Responses . | . . . Cargo Convoy Interrupts . | . . . Stealth | -11 -10 -10 --------- Run | Yrd Mat Sub Distress Signals 1 | . 1 . Communications Jammed . | . . . Distress Signals . | . . . Times Spotted 22 | . 17 5 Peak Tracking Total 3 | . 3 3 Tactical Retreats 2 | . 2 . Traps | -11 -10 -10 ------- Run | Yrd Mat Sub Traps Triggered 1 | . 1 . Indirectly . | . . . Trap Hack Attempts . | . . . Triggered . | . . . Disarmed . | . . . Reprogrammed . | . . . Reused . | . . . Traps Extracted . | . . . Installed . | . . . Triggered . | . . . Machines | -11 -10 -10 ---------- Run | Yrd Mat Sub Machines Disabled . | . . . Max in Single Turn . | . . . Machines Repaired . | . . . Machines Dismantled . | . . . Machines Sabotaged . | . . . Overloaded Fab Kills . | . . . Hacking | -11 -10 -10 --------- Run | Yrd Mat Sub Machines Accessed 5 | . 5 . Terminals 4 | . 4 . Fabricators . | . . . Repair Stations . | . . . Recycling Units 1 | . 1 . Scanalyzers . | . . . Garrison Access . | . . . Total Hacks 14 | . 14 . Successful 5 | . 5 . Failed 9 | . 9 . Catastrophic . | . . . Database Lockouts . | . . . Manual 13 | . 13 . Terminals 13 | . 13 . Fabricators . | . . . Repair Stations . | . . . Recycling Units 1 | . 1 . Scanalyzers . | . . . Garrison Access . | . . . Terminal Hacks 4 | . 4 . Robot Analysis 4 | . 4 . Fabricator Hacks . | . . . Repair Station Hacks . | . . . Recycling Unit Hacks 1 | . 1 . Report Inventory 1 | . 1 . Scanalyzer . | . . . Garrison Access Hacks . | . . . Unauthorized Hacks . | . . . Terminals . | . . . Fabricators . | . . . Repair Stations . | . . . Recycling Units . | . . . Scanalyzers . | . . . Garrison Access . | . . . Data Cores Recovered . | . . . Used . | . . . Hacking Detections 4 | . 4 . Full Trace Events . | . . . Feedback Events . | . . . Feedback Blocked . | . . . Robot Schematics Acquired . | . . . Robots Built . | . . . Authchips . | . . . Time . | . . . Total Robot Build Rating . | . . . Part Schematics Acquired . | . . . Parts Built . | . . . Authchips . | . . . Time . | . . . Total Part Build Rating . | . . . Parts Repaired . | . . . Time . | . . . Parts Recycled . | . . . Recycled Matter . | . . . Retrieved Matter . | . . . Retrieved Components . | . . . Parts Scanalyzed . | . . . Part Schematics Acquired . | . . . Parts Damaged . | . . . Bothacking | -11 -10 -10 ------------ Run | Yrd Mat Sub Used RIF Installer . | . . . Robots Hacked . | . . . Non-combat . | . . . Combat . | . . . Robot Hacks Applied . | . . . Relay Couplers Released . | . . . Fabnet Peak Effective % . | . . . Robots Rewired . | . . . Allies Hacked . | . . . Hacks Repelled . | . . . Allies | -11 -10 -10 -------- Run | Yrd Mat Sub Total Allies . | . . . Largest Group . | . . . Highest-Rated Group . | . . . Highest-Rated Ally . | . . . Total Orders . | . . . Ally Attacks . | . . . Total Damage . | . . . Kills . | . . . Allies Corrupted . | . . . Allies Melted . | . . . Intel | -11 -10 -10 ------- Run | Yrd Mat Sub Robot Analysis Total 4 | . 4 . Derelict Logs Recovered 1 | . . 1 Drone Launches . | . . . Drone Recoveries . | . . . Exploration | -11 -10 -10 ------------- Run | Yrd Mat Sub Turns Passed 2699 | 103 2054 542 Spaces Moved 971 | 56 629 286 Core 25 | 22 . 3 Treads 697 | 34 629 34 Legs . | . . . Wheels 249 | . . 249 Hover . | . . . Flight . | . . . Fastest Speed 50 | 50 160 129 Average Speed 248 | 122 296 167 Slowest Speed 1550 | 160 320 1550 Overloaded Moves . | . . . Propulsion Burnouts . | . . . Robots Hopped . | . . . Cave-ins Triggered . | . . . Exploration Rate (%) 39 | 4 91 24 Regions Visited 2 Branch Regions 1 Pre-discovered Areas . | . . . Known Exits Taken . | . . . Unknown Exits Taken 2 | 1 1 . Scrap Searched . | . . . Spaces Dug . | . . . Terrain Destroyed 17 | . 3 14 Melee . | . . . Projectile . | . . . AOE 17 | . 3 14 Terrain Rammed . | . . . Walls Destroyed . | . . . Machines Disabled . | . . . Actions | -11 -10 -10 --------- Run | Yrd Mat Sub Total 1145 | 75 747 323 Wait 30 | 1 24 5 Move 970 | 56 628 286 Hop . | . . . Pick Up 34 | 5 29 . Fast Attach 12 | 7 3 2 Attach 9 | . 2 7 Detach 1 | . 1 . Swap 4 | . 2 2 Drop 16 | . 15 1 Fire 62 | 6 36 20 Melee . | . . . Ram . | . . . Kick . | . . . Crush 7 | . 7 . Escape Stasis . | . . . Rewire . | . . . Trap . | . . . Miscellaneous . | . . . Route ------- -11/Scrapyard -10/Materials (discovered 6 exits: [*Mat x3] / [*Min x2] / [*Sub]) -10/Subcaves History --------- Turn | Location | Event 4 | -11/Scrapyard | Discovered new exit (range 16) 104 | -11/Scrapyard | Entered Materials 231 | -10/Materials | Discovered new exit (range 5) 243 | -10/Materials | Discovered new exit (range 10) 309 | -10/Materials | Build established: Mutant 866 | -10/Materials | Discovered new exit (range 16) 1292 | -10/Materials | Discovered new exit (range 4) 1549 | -10/Materials | Discovered new exit (range 11) 2138 | -10/Materials | Discovered new exit (range 7) 2158 | -10/Materials | Entered Subcaves 2261 | -10/Subcaves | Learned 2 Materials zone layouts 2274 | -10/Subcaves | Ambushed by Subdweller buried in earth 2279 | -10/Subcaves | Core integrity fell below 50% 2288 | -10/Subcaves | Core integrity fell below 20% 2320 | -10/Subcaves | Lost 8 parts (1p2n1u4w) 2400 | -10/Subcaves | A swath of the cavern ceiling suddenly collapsed 2519 | -10/Subcaves | Shifting Twisted Machinery released Battle Cannon 2700 | -10/Subcaves | Destroyed by MP-YR2(R) with Subdweller Shrapnel Launcher Last Messages --------------- Battle Cannon falls loose from the Twisted Machinery. 02542_ 8L-GU8(R) destroyed. 02542_ OY-CRI(R) destroyed. 02550_ Destroyed Scrap Shield. 02551_ Subatomizers dissect the Sub. Power Source, destroying it. 02554_ The unstable cave ceiling collapses. 02554_ FY-YVL(R) destroyed. 02557_ The unstable cave ceiling collapses. 02561_ Subatomizers dissect the Sub. Optics. 02563_ Acquired 11 matter. 02574_ Subatomizers dissect the Sub. Optics, destroying it. 02612_ Sub. Monowheel shoots sparks and powers down. 02613_ Dropped Broken Sub. Monowheel. 02623_ Subatomizers dissect the Broken Sub. Monowheel. 02697_ 0Y-NCG(R) destroyed. Map ----- +----------------------------------------------------+ | ##?????????????????????????????????????????? | | #?????????????????????????????????????????? | | #?????????????????????????????????????????? | | #??????????????????????????????????????????????? | | ####????????????????????????????????????????????? | | ## ##???????????????????????????????????????????? | | ###?????????????????????????????????????????? | | #?????????????????????????????????????????? | | #?????????????????????????????????????????? | | # ##?????????????????????????????????????????? | | #######??????????????????????????????????????????? | | ?????????????????????????????????????????????????? | | ?????????????????????????????????????????????????? | | ?????????????????????????????????????????????????? | | ?????????????????????????????????????????????????? | | ?????????????????????????????????????????????????? | | ?????????????????????????????????????????????????? | | ?????????????????????????????????????????????????? | | #????????????????????????????????????????????????? | | #????????????????????????????????????????????????? | | ##???????????????????????????????????????????????? | | #???????????????????????????????????????????????? | | #???????????????????????????????????????????????? | | #???????????????????????????????? #??????????? | | ##???#######??????????######### & #???????????? | | ##### #????????### @ R&%& #???????????? | | ## ##???????# !&* #??????????? | | ## #???????# #?????????? | | #### ##???#### ##### #?????????? | | ##??# #???# ## #?????????????????? | | #???# ###### ### #?????????????????? | | #??# ### ##?# #?????????????????? | | ##??# ### ###?? #?????????????????? | | ##???# ### ##????# ##?????????????????? | | ####????# # # ##?????## #??????????????????? | | #????????#### ##????????## ??????????????????? | | ????????????### #??????????? #?????????????????? | | ??????????????# #??????????? #?????????????????? | | ??????????????###??????????? #?????????????????? | | ????????????????????????????? ?????????????????? | | ????????????????????????????? ???????????????????? | | ?????????????????????????????????????????????????? | | ?????????????????????????????????????????????????? | | ?????????????????????????????????????????????????? | | ?????????????????????????????????????????????????? | | ?????????????????????????????????????????????????? | | ?????????????????????????????????????????????????? | | ?????????????????????????????????????????????????? | | ?????????????????????????????????????????????????? | | ?????????????????????????????????????????????????? | +----------------------------------------------------+ Best States ------------- Heat Dissipation 25 Energy Generation 14 Energy Capacity 250 Matter Stores 300 Matter Capacity 300 Sight Range 16 Terrain Scan Density 10 Armor Coverage 150 Evasion (%) 50 Recoil Reduction 2 Item Schematics ----------------- None Robot Schematics ------------------ None Fabricated ------------ Nothing Alien Tech Used ----------------- None Achievements -------------- None Challenges ------------ None Game ------ Seed AluminumAutogunMicrothruster Manual? 0 Play Time 00:19:06 Cumulative 63.9 hours Start 2024.09.06 @ 20:52:19 End 2024.09.06 @ 21:10:54 Sessions 1 Manual Loads 0 Difficulty Rogue Special Mode None Game No. 40 Rogue 40 Adventurer 0 Explorer 0 Win Type - Total 0 Types 0/0/0/0/0/0/0/0/0 Lore% 22 Gallery% 46 Achievement% 39 Wizard Run 0 Options --------- Layout 1 ASCII 0 Keyboard 0 Movement Numpad Keybinds 0 Fullscreen 1 Font 24/Smallcaps Map View 50x35 Zoom Use 0% Tactical HUD 1 Map Filters NONE Filters NONE Steam 1 RUN: bcb9efc1-f4dc-4422-8a11-13324d4e88aa